 Dungeon Crawl Stone Soup version 0.28.0 (webtiles) character file.

Game seed: 17376209351388248355

28 GrayStillPlays the Skirmisher (level 3, 24/29 HPs)
             Began as a Demonspawn Fighter on Feb 15, 2022.
             Quit the game on level 1 of the Dungeon.
             The game lasted 00:00:51 (676 turns).

GrayStillPlays the Skirmisher (Demonspawn Fighter)   Turns: 676, Time: 00:00:51

Health: 24/29      AC:  8    Str: 18    XL:     3   Next: 0%
Magic:  3/3        EV:  9    Int:  9    God:
Gold:   32         SH:  4    Dex: 12    Spells: 2/2 levels left

rFire   . . .      SeeInvis .   a - +0 war axe {axe}
rCold   . . .      Faith    .   c - +0 buckler
rNeg    . . .      Spirit   .   b - +0 scale mail
rPois   .          Reflect  .   (no helmet)
rElec   .          Harm     .   (no cloak)
rCorr   .          Rampage  .   (no gloves)
Will    .....                   (no boots)
Stlth   ..........              (no amulet)
HPRegen 0.09/turn               (no ring)
MPRegen 0.08/turn               (no ring)

@: no status effects
A: thin metallic scales 1, foul stench 1
a: no special abilities


You were on level 1 of the Dungeon.
You visited 1 branch of the dungeon, and saw 1 of its levels.

You collected 32 gold pieces.


Innate Abilities, Weirdness & Mutations

You are partially covered in thin metallic scales. (AC +2)
You may rarely emit foul miasma when damaged in melee.


   Skills:
 + Level 3.3 Fighting
 + Level 2.2 Axes
 + Level 3.0 Armour
 + Level 3.0 Shields


You had 2 spell levels left.
You didn't know any spells.
Your spell library was empty.

Inventory:

Hand Weapons
 a - a +0 war axe (weapon) {axe}
 k - a +1 dagger of protection {short}
   (You took it off a kobold on level 1 of the Dungeon)
Missiles
 f - 6 javelins (quivered) {throwing}
 j - 23 stones {throwing}
 m - 2 poisoned darts {throwing}
Armour
 b - a +0 scale mail (worn)
 c - a +0 buckler (worn)
Scrolls
 g - a scroll of identify {unknown}
 l - a scroll of enchant weapon {unknown}
Potions
 d - a potion of might
 e - a potion of degeneration {unknown}
 h - a potion of heal wounds {unknown}
 i - a potion of attraction {unknown}

Dungeon Overview and Level Annotations

Branches:
Dungeon (1/15)

Altars:

#.....#########...##
#..........##.......
#.......##..........
#.....#.#...#.......
#...).#.........)...
###..####...###...##
#..####...........
#.^......#########
#@#####.)# #......
#...).....#..#
#.#####
#.#######.#..# #.##
# #.#..###..## #
###.#....#...# #
##..........#.#
#.#...##...#..#
#..#..##..#..##
####...#....#...####


There were no monsters in sight!


Message History

You hit the dart slug.
The dart slug closely misses you. 😕 HP[+1]
You slash the dart slug!
You kill the dart slug!
No target in view!
No target in view!
You see here a +0 leather armour.
A frilled lizard comes into view.
The frilled lizard hisses angrily. 😎 HP[+1]
Your hp is fully restored (24).
A frilled lizard is nearby!
A frilled lizard is nearby!
A frilled lizard is nearby!
A frilled lizard is nearby!
You see here a +0 ring mail.
The frilled lizard bites you but does no damage.
You miss the frilled lizard.
The frilled lizard bites you but does no damage. x2
You barely miss the frilled lizard. The frilled lizard bites you. 😕 HP[-1]
You take 1 damage, and now have 23/24 hp.
You barely miss the frilled lizard. The frilled lizard closely misses you.
The frilled lizard bites you but does no damage.
You barely miss the frilled lizard.
The frilled lizard bites you but does no damage.
You closely miss the frilled lizard. The frilled lizard barely misses you.
You miss the frilled lizard.
The frilled lizard bites you. x2 😕 HP[-2]
You take 2 damage, and now have 21/24 hp.
You barely miss the frilled lizard. The frilled lizard barely misses you.
You barely miss the frilled lizard.
The frilled lizard bites you but does no damage.
The frilled lizard bites you. 😕 HP[-1]
You take 1 damage, and now have 20/24 hp.
Unknown command.
You barely miss the frilled lizard. The frilled lizard bites you. 😮 HP[-2]
You take 2 damage, and now have 18/24 hp.
You are too injured to fight recklessly!
You are too injured to fight recklessly!
You are too injured to fight recklessly!
You are too injured to fight recklessly!
You are too injured to fight recklessly!
You are too injured to fight recklessly!
You closely miss the frilled lizard.
The frilled lizard bites you but does no damage.
You barely miss the frilled lizard.
The frilled lizard bites you but does no damage.
The frilled lizard barely misses you. 😕 HP[+1]
You closely miss the frilled lizard.
The frilled lizard bites you but does no damage.
You hit the frilled lizard but do no damage.
The frilled lizard barely misses you.
The frilled lizard bites you but does no damage.
You closely miss the frilled lizard.
The frilled lizard unfolds its giant frill.
The frilled lizard barely misses you.
You hit the frilled lizard.
You kill the frilled lizard!
Key pressed, stopping explore.
m - 2 poisoned darts {throwing} A gnoll comes into view.
It is wielding a +0 flail.
The gnoll shouts! 😎 HP[+5]
Your hp is fully restored (24).
A gnoll is nearby!
A gnoll is nearby!
A gnoll is nearby!
A gnoll is nearby!
You barely miss the gnoll. The gnoll barely misses you.
You barely miss the gnoll. The gnoll closely misses you.
The gnoll hits you with a +0 flail. 😕 HP[-2]
You take 2 damage, and now have 22/24 hp.
You barely miss the gnoll.
The gnoll hits you with a +0 flail. 😕 HP[-3]
You take 3 damage, and now have 19/24 hp.
You hit the gnoll but do no damage. You block the gnoll's attack.
You closely miss the gnoll. The gnoll closely misses you.
You block the gnoll's attack.
You hit the gnoll. The gnoll barely misses you. 😕 HP[+1]
You hit the gnoll. The gnoll barely misses you. The gnoll closely misses you.
You slash the gnoll!
You kill the gnoll!
Your Armour skill increases to level 3!
Your Shields skill increases to level 3!
You have reached level 3!
Your experience leads to an increase in your attributes!
Increase (S)trength, (I)ntelligence, or (D)exterity?
You feel stronger. x2; Your demonic ancestry asserts itself...
You begin to emit a foul stench of rot and decay. 😕 HP[+4] MP[+1]
You now have 29 max hp (+5).
You regained 4 hp, and now have 24/29 hp.
Your mp is fully restored (3).
Are you sure you want to abandon this character and quit the game? (Confirm with "yes".)

Skill      XL: |  1  2 |
---------------+-------+-----
Axes           | 2 |  2.2
Armour         | 3 |  3.0
Shields        | 3 |  3.0
Fighting       | |  3.3

Action                   || total
-------------------------++-------
Melee: War axe           ||    53
Armor: Scale mail        ||    20
Dodge: Dodged            ||    29
Block: Buckler           ||    13

Levels and vault maps discovered:
D:1:      dpeg_arrival_houses_and_road, layout_loops_ring, minivault_26

Notes
Turn   | Place    | Note
-------+----------+-------------------------------------------
     0 | D:1      | GrayStillPlays the Demonspawn Fighter began the quest for
                  | the Orb.
     0 | D:1      | Reached XP level 1. HP: 18/18 MP: 1/1
     0 | D:1      | magus.rc [v1.9.6]
   386 | D:1      | Reached skill level 2 in Axes
   386 | D:1      | Gained mutation: You are partially covered in thin metallic
                  | scales. (AC +2) [demonic ancestry]
   386 | D:1      | Reached XP level 2. HP: 24/24 MP: 2/2
   676 | D:1      | Reached skill level 3 in Armour
   676 | D:1      | Reached skill level 3 in Shields
   676 | D:1      | Gained mutation: You may rarely emit foul miasma when
                  | damaged in melee. [demonic ancestry]
   676 | D:1      | Reached XP level 3. HP: 24/29 MP: 3/3
   676 | D:1      | Quit the game

Vanquished Creatures
  A gnoll (D:1)
  A dart slug (D:1)
  2 endoplasms (D:1)
  A giant cockroach (D:1)
  2 hobgoblins (D:1)
  2 kobolds (D:1)
  A quokka (D:1)
  A bat (D:1)
  A frilled lizard (D:1)
  3 goblins (D:1)
  A rat (D:1)
16 creatures vanquished.

Table legend:
 A = Non-vault XP
 B = Vault XP
 C = Vault XP percentage of total XP
 D = Non-vault monster count
 E = Vault monster count
 F = Vault count percentage of total count
                 A         B        C        D         E       F
            +---------+---------+-------+---------+---------+-------
      Total |      41 |       0 |   0.0 |      16 |       0 |   0.0
            +---------+---------+-------+---------+---------+-------
        D:1 |      41 |       0 |   0.0 |      16 |       0 |   0.0
            +---------+---------+-------+---------+---------+-------

Illustrated notes

Table legend:
 A = Kills in this place as a percentage of kills in entire the game.
 B = Kills by you in this place as a percentage of kills by you in the entire game.
 C = Kills by friends in this place as a percentage of kills by friends in the entire game.
 D = Other kills in this place as a percentage of other kills in the entire game.
 E = Experience gained in this place as a percentage of experience gained in the entire game.
 F = Experience gained in this place divided by the number of levels of this place that you have seen.
                   A       B       C       D       E      F
               +-------+-------+-------+-------+-------+----------------------
         Total | 100.0 | 100.0 |   N/A |   N/A | 100.0 |  41.0
       Dungeon | 100.0 | 100.0 |   N/A |   N/A | 100.0 |  41.0
               +-------+-------+-------+-------+-------+----------------------

Table legend: (Time is in decaauts)
 A = Elapsed time spent in this place.
 B = Non-inter-level travel time spent in this place.
 C = Inter-level travel time spent in this place.
 D = Time resting spent in this place.
 E = Time spent auto-exploring this place.
 F = Levels seen in this place.
 G = Mean time per level.
                   A        B        C        D        E       F      G
               +--------+--------+--------+--------+--------+-----+--------+
         Total |    699 |    699 |      0 |      0 |    574 |   1 |  699.0 |
       Dungeon |    699 |    699 |      0 |      0 |    574 |   1 |  699.0 |
               +--------+--------+--------+--------+--------+-----+--------+

Top non-repeatable levels by time:
     D:1: 699 daAuts
